Map: Celestial Enclave LE

Players

naane

  • Race: Protoss Protoss
  • Spawn Location: 1:00

VOD

Have the link to the VOD?

Description

Time

  • Played on: Aug. 22, 2026, 3:50 p.m.
  • Length: 19:51
Show
View Real Time Build Order
Export as new Build Order

naane Protoss 

Build Orders:  

Get SALT Encoding   

  8  0:01  Probe (Chrono Boost)  
  9  0:13  Probe (Chrono Boost)  
  10  0:25  Probe (Chrono Boost)  
  12  0:42  Probe (Chrono Boost)  
  12  0:51  Pylon  
  12  0:59  Probe (Chrono Boost)  
  13  1:18  Probe (Chrono Boost)  
  14  1:31  Probe (Chrono Boost)  
  14  1:32  Gateway  
  15  1:43  Probe (Chrono Boost)  
  15  1:46  Assimilator  
  16  1:55  Probe (Chrono Boost)  
  17  2:12  Probe (Chrono Boost)  
  17  2:17  Pylon  
  18  2:29  Probe (Chrono Boost)  
  19  2:46  Probe (Chrono Boost)  
  19  2:47  Cybernetics Core  
  20  2:52  Assimilator  
  20  2:56  Zealot  
  20  2:59  Probe (Chrono Boost)  
  23  3:10  Probe (Chrono Boost)  
  24  3:22  Forge  
  24  3:24  Pylon  
  24  3:35  Probe (Chrono Boost)  
  24  3:37  Zealot  
  27  3:56  Probe (Chrono Boost)  
  28  4:16  Probe (Chrono Boost)  
  29  4:21  Protoss Ground Weapons Level 1  
  29  4:28  Stalker  
  29  4:30  Pylon  
  29  4:33  Probe (Chrono Boost)  
  32  4:46  Probe (Chrono Boost)  
  33  4:58  Probe (Chrono Boost)  
  33  5:01  Warp Gate  
  34  5:11  Nexus  
  34  5:26  Probe (Chrono Boost), Zealot  
  37  5:42  Stalker  
  37  5:43  Probe (Chrono Boost)  
  37  5:46  Pylon  
  37  5:49  Gateway  
  38  6:01  Stalker  
  40  6:22  Stalker  
  44  6:59  Probe (Chrono Boost)  
  45  7:03  Probe (Chrono Boost)  
  46  7:14  Pylon  
  46  7:16  Probe (Chrono Boost)  
  47  7:21  Gateway  
  47  7:23  Gateway  
  47  7:25  Gateway  
  47  7:38  Twilight Council  
  47  7:49  Assimilator  
  47  7:58  Probe x2 (Chrono Boost)  
  49  8:14  Probe (Chrono Boost)  
  49  8:15  Probe (Chrono Boost)  
  49  8:17  Nexus  
  51  8:22  Pylon  
  51  8:27  Pylon  
  51  8:32  Pylon  
  51  8:43  Protoss Ground Weapons Level 2 (Chrono Boost)  
  51  8:49  Probe x2 (Chrono Boost)  
  53  9:05  Probe (Chrono Boost)  
  53  9:06  Stalker x2  
  53  9:09  Zealot  
  54  10:01  Charge  
  54  10:07  Stalker  
  54  10:08  Stalker x3  
  54  10:09  Stalker  
  64  10:18  Probe (Chrono Boost)  
  66  10:20  Probe (Chrono Boost)  
  66  10:33  Probe (Chrono Boost)  
  66  10:35  Probe (Chrono Boost)  
  66  10:37  Probe (Chrono Boost)  
  69  10:41  Assimilator  
  69  10:42  Assimilator  
  69  10:43  Stalker x2  
  69  10:44  Stalker  
  69  10:48  Zealot  
  79  10:50  Probe (Chrono Boost)  
  79  10:52  Probe (Chrono Boost), Zealot  
  81  11:25  Probe (Chrono Boost)  
  82  11:42  Probe  
  83  11:52  Pylon  
  83  11:54  Stalker x2  
  83  11:57  Gateway  
  87  12:00  Gateway  
  87  12:02  Gateway  
  87  12:05  Gateway  
  87  12:07  Gateway  
  85  12:10  Gateway  
  63  12:20  Protoss Ground Armor Level 1 (Chrono Boost)  
  63  12:29  Stalker x4  
  61  12:30  Stalker  
  63  12:51  Blink  
  63  13:02  Stalker x3  
  63  13:03  Stalker  
  63  13:05  Zealot  
  63  13:07  Nexus  
  73  13:17  Gateway  
  73  13:21  Photon Cannon  
  73  13:23  Photon Cannon  
  73  13:26  Photon Cannon  
  73  13:40  Probe  
  64  13:51  Stalker x2  
  64  13:52  Stalker x2  
  64  13:57  Probe  
  53  14:16  Stalker x2  
  53  14:17  Stalker x3  
  59  14:21  Zealot  
  59  14:35  Stalker  
  59  14:36  Stalker x2  
  50  15:13  Stalker  
  50  15:14  Stalker x3  
  50  15:15  Stalker x2  
  50  15:16  Stalker x2  
  66  15:49  Probe x4  
  70  15:57  Stalker x3  
  70  15:58  Stalker x3  
  82  16:06  Probe x2  
  58  16:59  Pylon  
  56  17:12  Stalker x4, Robotics Facility  
  56  17:13  Stalker x3  
  56  17:14  Stalker x2  
  74  17:28  Assimilator  
  74  17:32  Probe x3  
  74  17:33  Probe  
  74  17:34  Assimilator  
  78  17:48  Gateway  
  78  17:49  Probe  
  79  18:00  Stalker x2  
  79  18:01  Stalker x2  
  79  18:02  Stalker x2  
  79  18:03  Stalker x2  
  95  18:15  Pylon  
  95  18:20  Pylon  
  95  18:23  Pylon  
  95  18:30  Pylon  
  95  18:33  Nexus  
  95  18:40  Robotics Bay  
  95  18:48  Stargate  
  91  18:50  Stargate  
  61  19:09  Stalker x3  
  67  19:10  Stalker x2  
  67  19:15  Zealot x4  
  67  19:16  Zealot x2  
  65  19:42  Zealot  
  65  19:43  Zealot x3  
  65  19:44  Zealot  
Tags
 
Add a new tag
Caveats
  • Supply blocks, unpowered buildings, or Contaminate may cause inaccurate times.
  • Supply counts are checked every 10 seconds.